Map: Abyssal Reef LE

Players

soul - Winner!

  • Race: Terran Terran
  • Spawn Location: 5:00

MightyKiwi

  • Race: Zerg Zerg
  • Spawn Location: 11:00

Event: WCS Montreal 2017

VOD

Have the link to the VOD?

Description

Time

  • Played on: Sept. 8, 2017, 4:40 p.m.
  • Length: 10:49

All games in this series

Show
View Real Time Build Order
Export as new Build Order

soul Terran - Winner!

Build Orders: Gas First Reaper Expand, Reaper Expand, Hellion Banshee, MMM Bio 

Get SALT Encoding   

  12  0:00  SCV  
  13  0:13  SCV  
  14  0:17  Supply Depot  
  14  0:26  Refinery  
  14  0:28  SCV  
  15  0:40  SCV  
  16  0:46  Barracks  
  16  0:52  SCV  
  17  1:04  SCV  
  18  1:16  SCV  
  19  1:33  Orbital Command, Reaper  
  20  1:45  Command Center  
  20  1:55  Factory  
  20  1:59  SCV  
  21  2:06  Barracks Reactor  
  21  2:10  Supply Depot  
  21  2:13  SCV  
  22  2:21  Refinery  
  22  2:25  SCV  
  23  2:37  SCV  
  23  2:40  Hellion  
  26  2:49  Marine, SCV  
  26  2:50  Marine  
  28  3:00  Starport  
  28  3:05  SCV  
  28  3:17  SCV  
  29  3:22  Widow Mine  
  31  3:27  Marine x2  
  31  3:29  Orbital Command  
  31  3:33  SCV  
  34  3:40  Medivac  
  36  3:45  SCV  
  37  3:57  SCV  
  37  3:58  SCV  
  37  4:00  Hellion x2, Barracks Tech Lab  
  43  4:05  Supply Depot  
  44  4:10  SCV x2  
  45  4:23  SCV  
  46  4:26  Hellion x2  
  46  4:29  SCV  
  51  4:31  Supply Depot  
  51  4:36  SCV  
  51  4:37  Cloaking Field  
  52  4:41  SCV  
  52  4:43  Armory  
  53  4:48  SCV  
  54  4:53  Banshee, Hellion x2  
  54  4:54  Supply Depot  
  54  4:55  SCV  
  62  5:00  Supply Depot  
  62  5:03  Supply Depot  
  62  5:16  SCV x2, Hellion x2  
  66  5:28  SCV x2  
  68  5:29  Supply Depot  
  68  5:35  Banshee, Barracks Tech Lab  
  68  5:38  Command Center  
  68  5:40  SCV x2  
  73  5:52  SCV  
  73  5:54  Barracks  
  73  5:55  SCV  
  75  5:58  Barracks  
  75  6:00  Factory Reactor  
  75  6:05  Engineering Bay x2  
  75  6:06  SCV  
  75  6:10  SCV  
  66  6:13  Marine  
  64  6:20  SCV  
  64  6:23  SCV  
  63  6:28  Barracks x2, Stimpack  
  63  6:32  SCV  
  61  6:35  Starport Reactor, Terran Infantry Armor Level 1, Terran Infantry Weapons Level 1  
  61  6:36  Marine, Refinery x2  
  61  6:38  SCV  
  63  6:44  SCV  
  64  6:54  Supply Depot, Marine  
  64  6:56  Marine x3  
  64  6:57  Orbital Command  
  64  6:59  Siege Tank  
  71  7:03  Terran Vehicle Weapons Level 1, SCV x2  
  71  7:07  Marine  
  74  7:13  Marine  
  75  7:15  Orbital Command, SCV  
  75  7:16  SCV  
  75  7:17  Marine  
  75  7:18  Marine  
  75  7:20  Barracks Reactor  
  79  7:23  Barracks Reactor  
  79  7:26  Marine x2  
  79  7:27  Medivac  
  83  7:30  Medivac  
  83  7:34  SCV  
  86  7:37  Marine  
  86  7:41  SCV x2  
  89  7:46  SCV  
  89  7:50  Supply Depot, Marine  
  89  7:51  Supply Depot  
  91  7:52  Marine  
  91  7:53  SCV  
  91  7:57  Medivac  
  95  8:00  Medivac, SCV  
  95  8:02  Marine x2  
  95  8:03  Marine, Refinery  
  95  8:04  Refinery  
  101  8:07  Marine  
  101  8:08  Marine  
  103  8:14  Supply Depot, Siege Tank, Marine, Factory  
  103  8:15  SCV  
  103  8:16  Supply Depot  
  108  8:23  Marine x3  
  108  8:26  SCV  
  112  8:29  Combat Shields  
  112  8:30  SCV x2  
  114  8:36  Marine  
  114  8:37  Supply Depot, Marine x4  
  114  8:38  Marine, SCV  
  114  8:40  Supply Depot  
  121  8:42  Marine x2  
  121  8:43  Marine  
  124  8:51  Siege Tank  
  124  8:54  Medivac, Marine x4  
  133  9:00  Factory Tech Lab  
  133  9:01  Barracks  
  133  9:02  Barracks, Supply Depot  
  133  9:06  Supply Depot  
  133  9:07  Marine  
  134  9:10  Marine  
  134  9:12  Marine x6  
  134  9:14  Marine  
  142  9:21  Medivac  
  144  9:24  Medivac  
  144  9:25  Marine  
  144  9:28  Marine  
  144  9:29  Siege Tank, Marine  
  144  9:30  Marine x5  
  157  9:32  Marine  
  157  9:36  Siege Tank  
  160  9:43  Supply Depot, Marine  
  161  9:46  Marine  
  161  9:47  Marine x4, Concussive Shells  
  161  9:48  Marine x2  
  168  10:02  Siege Tank  
  168  10:05  Marine x3  
  168  10:06  Marauder  
  178  10:07  Barracks Tech Lab  
  178  10:08  Siege Tank, Marine, Barracks Tech Lab  
  180  10:19  Marine  
  181  10:25  Command Center  
  181  10:27  Marauder  
  180  10:28  Marine  
  180  10:31  Marine  
Show
View Real Time Build Order
Export as new Build Order

MightyKiwi Zerg 

Build Orders: Pool First 

Get SALT Encoding   

  12  0:00  Drone  
  13  0:14  Overlord  
  13  0:17  Drone  
  14  0:32  Drone x2  
  16  0:38  Drone  
  17  0:46  Spawning Pool  
  17  0:49  Drone  
  17  0:57  Drone  
  17  0:58  Extractor  
  17  1:17  Hatchery  
  16  1:33  Zergling x6  
  16  1:36  Queen  
  21  1:44  Overlord  
  21  1:55  Drone  
  21  1:59  Metabolic Boost  
  22  2:05  Drone  
  23  2:12  Queen  
  25  2:19  Drone  
  26  2:27  Drone  
  27  2:30  Queen  
  29  2:37  Drone  
  29  2:40  Drone x2  
  32  2:48  Drone x2  
  34  2:55  Drone x2  
  34  2:57  Overlord  
  35  3:06  Overlord  
  35  3:08  Drone  
  35  3:16  Pneumatized Carapace  
  34  3:23  Queen  
  36  3:31  Hatchery  
  35  3:36  Drone x3  
  38  3:43  Zergling x6  
  41  3:50  Zergling x6  
  44  3:58  Queen  
  46  4:03  Overlord  
  46  4:05  Drone x2  
  46  4:06  Drone x2  
  50  4:12  Drone  
  50  4:13  Drone  
  52  4:19  Baneling Nest  
  52  4:24  Spore Crawler  
  50  4:25  Spore Crawler, Drone  
  50  4:32  Zergling x2  
  50  4:33  Zergling x2  
  50  4:34  Overlord x2  
  50  4:37  Spore Crawler  
  51  4:40  Zergling x2  
  51  4:41  Lair  
  51  4:45  Zergling x4  
  54  4:51  Drone x2  
  54  4:52  Overlord  
  57  5:00  Zergling x8  
  59  5:19  Drone x8  
  59  5:20  Drone x2  
  69  5:22  Extractor  
  69  5:23  Extractor  
  67  5:28  Baneling  
  67  5:29  Baneling x6  
  67  5:38  Overlord  
  67  5:40  Evolution Chamber  
  67  5:42  Drone x3  
  69  5:43  Evolution Chamber, Zergling x2  
  69  5:49  Zergling x8  
  73  5:55  Drone x3  
  76  5:57  Drone  
  76  5:58  Drone  
  76  6:01  Baneling x4  
  61  6:21  Overseer  
  59  6:27  Zerg Melee Weapons Level 1  
  57  6:35  Queen  
  57  6:36  Drone x11  
  57  6:37  Drone x3  
  73  6:40  Extractor  
  73  6:44  Hydralisk Den  
  73  6:45  Zerg Ground Armor Level 1  
  71  6:53  Drone  
  71  6:54  Queen, Drone x2  
  76  7:05  Overlord  
  76  7:06  Drone  
  76  7:07  Drone  
  78  7:09  Extractor x2  
  76  7:19  Muscular Augments  
  76  7:20  Overlord x2  
  76  7:22  Drone x4  
  80  7:23  Drone, Hatchery  
  80  7:31  Overlord  
  80  7:34  Hydralisk  
  80  7:35  Hydralisk  
  84  7:40  Hydralisk  
  84  7:41  Hydralisk  
  88  7:44  Zergling x2  
  88  7:48  Drone  
  88  7:49  Infestation Pit  
  87  7:53  Drone x5  
  89  7:58  Drone  
  89  7:59  Drone  
  91  8:06  Drone x5  
  91  8:12  Hatchery  
  92  8:20  Drone x3  
  92  8:25  Hive  
  92  8:26  Zergling x2  
  96  8:27  Zergling x12  
  96  8:30  Zergling x4  
  96  8:32  Baneling x8  
  103  8:36  Zergling x2  
  104  8:43  Zergling x12  
  104  8:45  Centrifical Hooks  
  104  8:47  Overseer  
  110  8:48  Zergling x2  
  110  8:49  Zergling x6  
  110  8:55  Overlord  
  114  8:57  Overlord  
  114  9:06  Overlord  
  114  9:11  Zergling x2  
  114  9:12  Zergling x10  
  114  9:13  Baneling  
  114  9:14  Baneling x9  
  114  9:16  Overlord x2  
  120  9:17  Queen  
  122  9:34  Zergling x2  
  122  9:35  Zergling x26  
  132  9:40  Ultralisk Cavern  
  131  10:04  Overlord  
  131  10:06  Overlord  
  129  10:13  Drone x2  
  129  10:15  Overseer  
  129  10:16  Viper x3  
  129  10:21  Overlord  
  138  10:24  Extractor, Drone x3  
  138  10:26  Zergling x2  
  138  10:27  Zergling x14  
Tags
 
Add a new tag
Caveats
  • Supply blocks, unpowered buildings, or Contaminate may cause inaccurate times.
  • Supply counts are checked every 10 seconds.